Map: Vaani Research Station (Void)

Players

xPloit

  • Race: Terran Terran
  • League: Diamond
  • Spawn Location: 12:00

Musumeci - Winner!

  • Race: Zerg Zerg
  • League: Diamond
  • Spawn Location: 6:00

VOD

Have the link to the VOD?

Description

Time

  • Played on: Dec. 27, 2016, 10:43 a.m.
  • Length: 24:50
Show
View Real Time Build Order
Export as new Build Order

xPloit Terran 

Build Orders: Reaper Expand, MMM Bio 

Get SALT Encoding   

  12  0:01  SCV  
  13  0:13  SCV  
  14  0:18  Supply Depot  
  14  0:25  SCV  
  15  0:39  SCV  
  15  0:40  Barracks  
  16  0:45  Refinery  
  16  0:52  SCV  
  17  1:04  SCV  
  18  1:16  SCV  
  19  1:29  Orbital Command, Reaper  
  20  1:48  Command Center  
  20  1:56  SCV  
  21  2:03  Marine  
  21  2:04  Factory  
  22  2:08  SCV  
  23  2:16  Supply Depot  
  23  2:37  SCV, Marine  
  25  2:49  Widow Mine, SCV  
  25  2:50  Starport  
  28  2:55  Marine  
  29  3:01  Orbital Command, SCV  
  30  3:12  Marine  
  30  3:16  SCV  
  32  3:20  Widow Mine  
  34  3:28  SCV  
  34  3:29  Command Center  
  35  3:36  Medivac  
  35  3:40  SCV, Barracks  
  38  3:45  Refinery  
  38  3:46  Barracks Tech Lab  
  38  3:49  SCV  
  39  3:56  Barracks  
  39  4:00  SCV  
  39  4:01  SCV  
  39  4:02  Supply Depot  
  41  4:04  Factory Reactor  
  41  4:05  Marine  
  42  4:12  SCV  
  43  4:22  SCV  
  44  4:24  SCV  
  45  4:36  Marine  
  45  4:37  SCV x2  
  49  4:40  Supply Depot  
  49  4:42  Orbital Command  
  49  4:44  Stimpack  
  49  4:49  SCV  
  49  4:50  Barracks Reactor, SCV  
  50  4:54  Engineering Bay  
  50  4:56  Refinery, Engineering Bay  
  50  4:57  Refinery, Supply Depot  
  50  5:01  SCV  
  50  5:02  SCV  
  50  5:05  Medivac  
  53  5:09  Marine  
  53  5:13  Barracks Reactor  
  53  5:14  SCV x2  
  56  5:26  SCV x2  
  58  5:34  Marauder, Marine x2  
  62  5:40  SCV x2, Supply Depot  
  64  5:43  Factory Reactor  
  64  5:44  Medivac  
  64  5:46  Supply Depot  
  64  5:49  Supply Depot  
  66  5:50  Orbital Command, Marine  
  66  5:52  SCV x2  
  66  5:55  Barracks  
  66  5:56  Marauder, Terran Infantry Weapons Level 1  
  69  5:58  Marine x3  
  72  6:06  Supply Depot  
  72  6:07  SCV, Supply Depot  
  73  6:13  Supply Depot  
  73  6:14  Marine  
  73  6:16  Marine x2  
  76  6:22  Marine x2  
  76  6:23  Widow Mine  
  80  6:26  SCV x2  
  80  6:29  Widow Mine  
  80  6:31  Marine  
  85  6:33  Marine  
  85  6:38  Marine  
  87  6:40  Marauder, SCV x2, Barracks  
  87  6:41  Barracks  
  91  6:52  Marine x2  
  93  6:55  SCV x3  
  96  7:02  Marauder  
  97  7:10  Widow Mine x2, Marine x3  
  97  7:14  Supply Depot  
  97  7:15  Armory, Supply Depot  
  104  7:23  Marauder  
  104  7:26  Barracks Tech Lab  
  104  7:27  Marine  
  104  7:29  Barracks Reactor  
  108  7:30  Barracks Tech Lab  
  108  7:33  SCV x3  
  108  7:35  Refinery  
  110  7:40  Widow Mine, Medivac x2  
  110  7:41  Widow Mine  
  118  7:44  Marauder  
  118  7:45  SCV x3, Supply Depot  
  118  7:50  Marauder x2, Marine x3  
  130  7:54  Combat Shields  
  130  7:59  Marine  
  130  8:04  Terran Infantry Weapons Level 2, Supply Depot  
  130  8:05  Supply Depot  
  131  8:06  Marauder, Terran Infantry Armor Level 1  
  131  8:09  Widow Mine x2  
  131  8:12  Marauder x2  
  140  8:47  Marauder x2, Widow Mine x2, Marine x6  
  151  8:49  Marauder  
  152  9:04  Marine  
  152  9:05  Marine  
  152  9:06  Marine  
  152  9:07  Marine x2  
  152  9:08  Marauder x2  
  154  9:11  Marauder  
  154  9:13  Marine  
  154  9:14  Medivac x2  
  154  9:16  Widow Mine  
  163  9:19  SCV  
  163  9:22  Marine x2  
  166  9:24  Marine  
  166  9:25  Refinery  
  166  9:27  Command Center  
  166  9:30  Marauder x2  
  171  9:32  Marauder, Barracks  
  171  9:33  Barracks x2  
  172  9:45  Marine x2  
  172  9:47  Marine  
  172  9:52  Marine  
  173  9:53  Marauder x2  
  173  9:54  Marauder  
  173  9:58  Marine  
  145  10:03  Marine x3  
  145  10:08  Marine  
  145  10:09  Marine  
  147  10:15  Marauder x3  
  147  10:19  Widow Mine x2, Marine  
  147  10:21  Marine  
  157  10:28  Marine x3  
  149  10:29  Medivac  
  149  10:30  Medivac, Barracks Tech Lab x3  
  154  10:36  Marauder x3  
  158  10:47  Widow Mine x2  
  158  10:48  Marine  
  160  10:54  Marine  
  160  10:55  Marine x4  
  164  10:58  Marauder x3  
  170  11:06  Marine  
  166  11:16  Widow Mine x2  
  166  11:17  Marine  
  171  11:19  Marauder x3  
  177  11:26  Unknown, Marine  
  177  11:27  Marine x4  
  177  11:29  Medivac x2  
  186  11:35  Marauder  
  188  11:42  Marauder x2  
  188  11:43  Marine  
  188  11:45  Marine x2  
  188  11:50  Marine x2  
  188  11:52  Marauder x2  
  188  11:53  Marine  
  188  11:54  Marine  
  186  11:57  Marauder  
  184  12:01  Marauder, Terran Infantry Armor Level 2  
  184  12:02  Terran Infantry Weapons Level 3, Marine x2  
  184  12:03  Marauder  
  184  12:04  Marauder, Widow Mine, Medivac  
  184  12:07  Marine  
  184  12:08  Marine  
  196  12:13  Marine  
  196  12:15  Marauder  
  196  12:21  Marauder  
  196  12:32  Concussive Shells  
  196  12:49  Marauder  
  196  12:50  Marauder, Marine  
  196  12:51  Marauder x2, Marine  
  196  12:55  Marauder, Marine x2  
  196  12:56  Marauder  
  185  13:12  Marauder x2, Marine x3  
  191  13:15  SCV  
  191  13:16  Orbital Command  
  191  13:17  Marauder, Marine, Command Center  
  191  13:18  Marauder x2  
  191  13:19  Unknown  
  196  13:20  Unknown  
  196  13:21  Marine x2  
  196  13:22  Widow Mine x2  
  196  13:24  Marauder, Medivac x2  
  191  13:30  Marine x2  
  191  13:34  Marauder x2  
  187  13:39  Marauder  
  182  13:45  Marauder x2  
  182  13:47  Marauder, Marine x4  
  182  13:48  Marine x2  
  176  13:55  Marauder x2  
  162  14:00  Marine  
  153  14:05  Marine x4  
  153  14:06  Marauder x2  
  153  14:08  Marauder  
  151  14:12  Marine x2  
  151  14:16  Marauder, Supply Depot  
  151  14:17  Marauder, Marine  
  157  14:18  Supply Depot  
  157  14:21  Widow Mine x2  
  162  14:25  Factory, Terran Infantry Armor Level 3  
  162  14:34  Refinery  
  162  14:35  Sensor Tower  
  139  14:51  Marauder x3, Marine x4  
  139  14:52  Marauder x2, Marine, Medivac  
  148  14:53  Marauder, Medivac  
  150  15:06  Marine  
  132  15:09  Marine x2  
  132  15:13  Marauder x3  
  132  15:14  Marauder  
  135  15:29  Marine  
  135  15:30  Marauder x2, Marine x2  
  135  15:34  Marauder  
  144  15:42  Factory Tech Lab  
  144  15:45  Widow Mine x2  
  148  15:52  Marine  
  148  15:53  Marauder x2  
  147  16:09  Marauder x2  
  147  16:10  Marine  
  140  16:19  Marauder, Marine  
  143  16:29  Marauder  
  145  16:35  Orbital Command  
  145  17:00  Command Center  
  116  17:16  Marauder x2, Marine  
  116  17:21  Marauder x2  
  89  17:24  Marine  
  89  17:26  Marine  
  76  17:40  Unknown x2  
  76  17:44  Marauder x2, Marine  
  78  17:49  Marauder  
  76  17:56  Unknown x4  
  68  18:04  Marauder, Marine  
  71  18:06  Orbital Command  
  71  18:21  Planetary Fortress  
  71  18:23  Marine  
  74  18:34  Marauder x3  
  74  18:35  Marauder  
  80  18:44  Marauder x2  
  80  18:48  Medivac x2  
  90  18:56  Marauder x3  
  90  19:00  Marauder, Marine  
  95  19:06  Marauder x2  
  88  19:17  Marauder x3  
  92  19:26  Marauder  
  92  19:27  Marauder  
  96  19:33  Marauder  
  98  19:40  Ghost Academy  
  98  19:43  Medivac  
  98  19:44  Marine  
  101  19:50  Unknown  
  101  19:54  Marauder  
  101  19:59  Marine x2  
  106  20:00  Marauder x2  
  107  20:17  Marauder, Marine  
  107  20:18  Marauder  
  112  20:25  Marauder x2, Marine x2  
  112  20:26  Marine  
  119  20:29  Unknown  
  119  20:33  Marauder  
  121  20:38  Marauder  
  121  20:39  Marauder  
  125  20:45  Marauder  
  125  20:47  Marauder  
  129  20:50  Unknown  
  126  21:04  Marauder x2, Marine  
  116  21:22  Marine  
  116  21:23  Marauder x2  
  121  21:28  Medivac  
  121  21:29  Unknown x2  
  123  21:36  Ghost  
  123  21:39  SCV  
  119  21:58  Marauder, Marine x2  
  119  21:59  Marauder x2  
  120  22:13  Orbital Command  
  110  22:23  Marauder  
  110  22:24  Marauder  
  114  22:32  Marauder x3  
  117  22:56  Missile Turret  
  109  23:23  Marauder x4  
  109  23:24  Orbital Command  
  115  23:28  Unknown x2  
  96  23:37  Marauder x2  
  96  23:40  Unknown  
  43  23:54  Marauder x2  
  45  24:04  Marauder x2  
  49  24:11  Marauder  
  49  24:16  Marauder x2  
  43  24:26  Marauder  
  43  24:27  Marauder  
Show
View Real Time Build Order
Export as new Build Order

Musumeci Zerg - Winner!

Build Orders: Hatch First 

Get SALT Encoding   

  12  0:05  Drone  
  13  0:08  Drone  
  14  0:19  Drone, Extractor  
  15  0:43  Hatchery  
  15  0:48  Drone, Extractor  
  15  1:06  Spawning Pool, Extractor  
  15  1:08  Extractor x2  
  15  1:10  Drone  
  12  1:15  Drone  
  13  1:20  Drone  
  16  1:26  Overlord  
  16  1:44  Drone  
  16  1:45  Drone  
  18  1:53  Queen  
  20  1:55  Queen  
  20  1:58  Drone  
  23  2:01  Drone  
  23  2:04  Drone  
  25  2:14  Drone  
  25  2:15  Drone  
  27  2:16  Drone  
  28  2:25  Overlord  
  28  2:43  Queen  
  30  2:49  Queen  
  30  2:50  Drone x4  
  36  2:51  Overlord  
  36  3:13  Spore Crawler  
  34  3:35  Drone x4  
  34  3:36  Hatchery, Drone x4  
  34  3:39  Extractor  
  34  3:40  Roach Warren  
  39  3:41  Extractor  
  39  3:55  Drone x2  
  39  3:56  Drone  
  39  4:01  Drone  
  42  4:03  Drone  
  42  4:04  Drone  
  44  4:10  Overlord  
  43  4:17  Spore Crawler  
  43  4:29  Spore Crawler  
  41  4:46  Drone x4  
  41  4:47  Drone x7  
  41  4:48  Roach  
  54  4:55  Drone, Extractor  
  54  5:12  Roach x2  
  58  5:14  Overlord x4  
  58  5:43  Lair  
  58  6:00  Roach  
  58  6:01  Roach x9  
  78  6:16  Extractor  
  78  6:17  Extractor  
  76  6:19  Drone x7, Evolution Chamber, Extractor  
  76  6:22  Evolution Chamber  
  80  6:26  Spore Crawler  
  80  6:27  Spore Crawler  
  80  6:31  Spore Crawler  
  77  6:33  Overlord  
  77  6:34  Overlord x2  
  77  6:39  Drone x3  
  80  6:41  Drone x2  
  82  6:51  Ravager x4  
  82  6:52  Ravager  
  87  7:29  Drone x3  
  90  7:30  Drone x3  
  90  7:33  Drone x5  
  90  7:36  Glial Reconstitution, Zerg Ground Armor Level 1, Zerg Missile Weapons Level 1  
  98  7:38  Drone  
  98  7:39  Drone x5  
  104  7:50  Drone  
  105  7:56  Overlord  
  105  7:58  Overlord  
  105  8:00  Hatchery, Overlord  
  105  8:01  Overlord  
  105  8:04  Overlord x3  
  104  8:10  Roach  
  106  8:13  Overlord  
  106  8:15  Zergling x2  
  107  8:26  Roach  
  120  8:27  Roach x12  
  132  8:51  Hatchery  
  131  9:04  Roach x7  
  131  9:05  Spore Crawler  
  131  9:06  Spore Crawler x2  
  131  9:08  Roach x5  
  146  9:33  Overlord x3  
  146  9:34  Overlord x2  
  137  9:39  Ravager x4  
  137  9:40  Ravager x2  
  137  9:43  Ravager x5  
  142  9:47  Ravager x4  
  146  9:58  Roach  
  146  9:59  Roach x14  
  164  10:06  Overlord x5  
  145  10:08  Queen  
  145  10:10  Overseer  
  145  10:27  Drone x3, Extractor  
  142  10:32  Roach x6  
  142  10:33  Roach x4  
  142  10:35  Ravager x7  
  169  10:47  Roach  
  169  10:48  Roach x5  
  169  11:00  Hatchery, Extractor  
  169  11:01  Roach x4  
  169  11:02  Roach x5  
  169  11:03  Extractor  
  172  11:16  Zerg Missile Weapons Level 2, Zerg Ground Armor Level 2  
  174  11:40  Roach x13  
  167  12:09  Drone x10  
  167  12:11  Ravager x4  
  172  12:19  Ravager x5  
  149  12:58  Extractor  
  149  13:01  Roach x3  
  149  13:02  Roach x15  
  149  13:05  Ravager x5  
  185  13:25  Ravager x4  
  156  13:51  Roach  
  156  13:52  Roach x14  
  177  14:02  Roach x9  
  199  14:03  Roach x2  
  198  14:24  Roach  
  176  14:51  Ravager x2  
  176  14:52  Ravager x8  
  155  15:25  Overseer  
  155  15:26  Overseer x2  
  155  15:45  Hatchery, Infestation Pit  
  133  16:09  Roach x17  
  133  16:10  Roach x6  
  127  16:14  Roach x9  
  136  16:23  Roach x5  
  146  16:31  Ravager x12  
  149  16:33  Ravager x3  
  149  16:34  Ravager  
  153  16:52  Hatchery  
  152  16:54  Hatchery, Roach x2  
  152  16:55  Roach x6  
  152  16:59  Hatchery  
  156  17:15  Extractor  
  133  17:19  Roach  
  133  17:20  Roach x10  
  127  17:33  Hive  
  127  17:42  Drone  
  128  17:53  Infestor, Roach x3  
  136  18:03  Extractor  
  136  18:05  Extractor  
  134  18:10  Drone  
  135  18:21  Drone x3  
  135  18:22  Extractor  
  137  18:27  Extractor  
  137  18:28  Drone x2  
  137  18:29  Drone  
  137  18:30  Ravager  
  137  18:31  Ravager x5  
  145  18:39  Drone  
  146  18:42  Roach x7  
  160  18:49  Zergling x2  
  137  19:12  Roach x6  
  137  19:13  Roach x14  
  155  19:22  Ravager x2  
  157  19:28  Queen  
  158  19:31  Ravager  
  158  19:32  Ravager x2  
  161  19:45  Zergling x2  
  162  19:48  Roach  
  162  19:49  Roach x13  
  190  19:59  Zerg Missile Weapons Level 3  
  173  20:15  Roach x5  
  173  20:16  Roach x6  
  189  20:42  Ravager  
  189  20:43  Ravager x7  
  147  21:22  Roach x14  
  147  21:23  Roach x3  
  181  21:34  Ravager x7  
  177  22:02  Ravager  
  177  22:03  Ravager x5  
  166  22:29  Roach x5  
  164  23:07  Ravager x8  
  137  23:39  Roach x5  
  137  23:40  Roach x16  
  150  23:54  Roach  
  150  23:55  Roach x9  
  170  24:02  Hatchery, Extractor  
  168  24:04  Extractor  
Tags
 
Add a new tag
Caveats
  • Supply blocks, unpowered buildings, or Contaminate may cause inaccurate times.
  • Supply counts are checked every 10 seconds.